Map: Apotheosis LE

Players

Stalker

  • Race: Protoss Protoss
  • League: Diamond

ScrotusMcGee - Winner!

  • Race: Zerg Zerg
  • League: Master

VOD

Have the link to the VOD?

Description

Time

  • Played on: Sept. 15, 2016, 7:14 p.m.
  • Length: 9:50
Show
View Real Time Build Order
Export as new Build Order

Stalker Protoss 

Build Orders:  

Get SALT Encoding   

  12  0:01  Probe (Chrono Boost)  
  13  0:11  Probe (Chrono Boost)  
  14  0:18  Pylon  
  14  0:22  Probe (Chrono Boost)  
  15  0:36  Probe (Chrono Boost)  
  15  0:40  Forge  
  16  0:47  Probe (Chrono Boost)  
  17  1:01  Gateway  
  17  1:06  Pylon  
  17  1:12  Pylon  
  18  1:27  Photon Cannon  
  18  1:31  Photon Cannon  
  16  1:40  Probe (Chrono Boost)  
  17  1:48  Cybernetics Core  
  17  1:51  Probe (Chrono Boost)  
  18  1:57  Pylon  
  18  1:58  Assimilator  
  18  2:05  Assimilator  
  18  2:26  Nexus  
  18  2:37  Photon Cannon  
  18  2:41  Warp Gate  
  18  2:45  Probe (Chrono Boost)  
  19  2:54  Adept  
  19  2:57  Probe (Chrono Boost)  
  22  3:09  Probe (Chrono Boost)  
  23  3:19  Probe (Chrono Boost), Twilight Council  
  24  3:24  Adept  
  26  3:30  Probe (Chrono Boost)  
  27  3:38  Probe (Chrono Boost)  
  27  3:40  Probe (Chrono Boost)  
  29  3:51  Probe (Chrono Boost)  
  29  3:52  Robotics Facility  
  29  3:54  Probe (Chrono Boost)  
  31  4:03  Probe (Chrono Boost)  
  31  4:05  Pylon  
  31  4:08  Probe (Chrono Boost)  
  33  4:13  Probe (Chrono Boost)  
  34  4:19  Probe (Chrono Boost)  
  34  4:24  Probe (Chrono Boost)  
  34  4:29  Probe (Chrono Boost)  
  34  4:30  Gateway  
  35  4:33  Gateway  
  35  4:39  Dark Shrine  
  35  4:40  Probe (Chrono Boost)  
  36  4:47  Stalker  
  36  4:52  Probe x2 (Chrono Boost)  
  40  4:58  Warp Prism  
  42  5:03  Probe (Chrono Boost)  
  42  5:04  Probe (Chrono Boost)  
  44  5:08  Assimilator  
  44  5:10  Assimilator  
  44  5:13  Probe (Chrono Boost)  
  45  5:14  Adept  
  45  5:15  Probe (Chrono Boost)  
  48  5:24  Probe (Chrono Boost)  
  48  5:25  Probe (Chrono Boost)  
  48  5:27  Stalker  
  52  5:35  Pylon  
  52  5:36  Probe x2 (Chrono Boost)  
  54  5:46  Nexus  
  54  5:50  Pylon  
  54  5:54  Mothership Core (Chrono Boost)  
  56  5:58  Adept x2  
  56  6:03  Probe (Chrono Boost)  
  61  6:05  Protoss Ground Weapons Level 1  
  61  6:08  Pylon  
  61  6:13  Adept  
  61  6:17  Probe x2 (Chrono Boost)  
  63  6:21  Pylon  
  63  6:26  Blink  
  63  6:27  Gateway  
  63  6:29  Dark Templar  
  63  6:31  Dark Templar  
  67  6:34  Probe (Chrono Boost)  
  67  6:35  Probe (Chrono Boost)  
  69  6:40  Photon Cannon  
  69  6:44  Dark Templar  
  69  6:46  Probe (Chrono Boost)  
  72  6:49  Probe (Chrono Boost)  
  73  6:57  Probe (Chrono Boost), Immortal  
  76  7:10  Probe x2 (Chrono Boost)  
  76  7:15  Photon Cannon  
  78  7:16  Probe (Chrono Boost)  
  78  7:19  Photon Cannon  
  78  7:21  Probe (Chrono Boost)  
  80  7:23  Probe (Chrono Boost)  
  80  7:27  Probe (Chrono Boost)  
  80  7:28  Stalker x2  
  80  7:29  Stalker  
  86  7:31  Probe (Chrono Boost)  
  86  7:34  Probe (Chrono Boost), Assimilator  
  88  7:40  Probe (Chrono Boost)  
  88  7:42  Probe (Chrono Boost)  
  90  7:47  Robotics Facility  
  90  7:50  Immortal  
  94  7:55  Probe (Chrono Boost)  
  95  8:00  Pylon  
  95  8:01  Dark Templar x2  
  95  8:04  Sentry  
  95  8:05  Assimilator  
  101  8:10  Pylon  
  101  8:12  Pylon  
  101  8:18  Probe (Chrono Boost)  
  102  8:23  Stalker  
  102  8:25  Pylon  
  104  8:28  Gateway  
  104  8:34  Probe x2 (Chrono Boost)  
  106  8:35  Sentry  
  106  8:36  Gateway, Sentry x2  
  106  8:37  Gateway  
  102  8:50  Dark Templar  
  92  9:00  Immortal  
  85  9:06  Stalker  
  67  9:25  Stalker  
  66  9:32  Dark Templar  
  66  9:36  Dark Templar x3  
Show
View Real Time Build Order
Export as new Build Order

ScrotusMcGee Zerg - Winner!

Build Orders: Hatch First 

Get SALT Encoding   

  12  0:00  Drone  
  13  0:12  Overlord  
  13  0:17  Drone  
  14  0:31  Drone x2  
  14  0:35  Drone  
  17  0:52  Hatchery  
  17  0:55  Drone  
  17  0:58  Drone  
  18  1:09  Extractor  
  17  1:13  Spawning Pool  
  17  1:18  Drone  
  17  1:24  Drone  
  18  1:39  Drone  
  19  2:00  Overlord  
  19  2:04  Zergling x2  
  20  2:10  Drone  
  21  2:17  Queen  
  21  2:22  Drone  
  24  2:29  Queen  
  26  2:33  Drone  
  26  2:35  Drone  
  28  2:40  Metabolic Boost  
  28  2:45  Drone  
  28  2:46  Drone  
  30  2:59  Queen  
  30  3:04  Overlord  
  32  3:16  Hatchery  
  32  3:19  Hatchery  
  31  3:25  Pneumatized Carapace  
  31  3:26  Drone  
  32  3:32  Zergling x4  
  32  3:33  Zergling x2  
  35  3:37  Overlord  
  35  3:40  Drone  
  36  3:42  Drone  
  36  3:44  Drone  
  38  3:52  Drone x3  
  41  4:01  Drone x3  
  44  4:09  Lair  
  44  4:10  Extractor  
  44  4:12  Drone x3  
  45  4:19  Spore Crawler  
  45  4:23  Drone x2  
  47  4:28  Drone x2  
  49  4:31  Queen  
  49  4:32  Drone  
  49  4:33  Drone  
  49  4:36  Overlord  
  49  4:38  Overlord  
  53  4:47  Drone x5  
  58  4:53  Overlord  
  58  4:58  Evolution Chamber  
  58  4:59  Roach Warren  
  56  5:02  Drone  
  56  5:03  Drone x2  
  59  5:12  Drone x5  
  59  5:13  Drone  
  65  5:16  Overlord  
  65  5:25  Zerg Melee Weapons Level 1  
  65  5:29  Drone  
  65  5:30  Baneling Nest  
  65  5:31  Zergling x2  
  65  5:32  Zergling x8  
  70  5:39  Spore Crawler  
  70  5:40  Spore Crawler  
  70  5:41  Spore Crawler  
  67  5:43  Overseer, Spine Crawler  
  67  5:44  Glial Reconstitution  
  67  5:47  Drone  
  67  5:48  Drone x2  
  67  5:49  Drone x2  
  72  5:50  Drone  
  72  5:54  Overlord  
  72  6:05  Roach x5  
  72  6:06  Roach x3  
  72  6:10  Extractor  
  87  6:12  Extractor  
  87  6:17  Drone x3  
  87  6:18  Drone x3  
  92  6:21  Baneling x4  
  92  6:24  Overlord x3  
  92  6:33  Overlord x2  
  92  6:37  Extractor  
  92  6:39  Extractor  
  90  6:41  Drone x2  
  90  6:42  Drone  
  93  6:51  Drone x3  
  93  6:52  Drone x3  
  93  6:53  Hatchery  
  98  7:00  Roach x5  
  98  7:01  Roach x2  
  110  7:02  Roach  
  110  7:04  Roach  
  112  7:12  Spine Crawler  
  112  7:14  Drone x3, Evolution Chamber  
  114  7:16  Spine Crawler  
  114  7:18  Centrifical Hooks  
  114  7:21  Zerg Melee Weapons Level 2  
  112  7:24  Drone  
  112  7:28  Drone  
  110  7:32  Overlord x4  
  110  7:42  Drone x2  
  110  7:43  Drone  
  110  7:44  Drone x2  
  114  7:47  Ravager  
  114  7:48  Ravager x4  
  114  7:50  Zergling x2  
  121  7:51  Zergling x4  
  121  7:57  Zergling x2  
  121  7:58  Zergling x8  
  127  8:02  Zergling x2  
  127  8:03  Zergling x2  
  129  8:09  Spore Crawler  
  129  8:11  Zergling x2  
  129  8:12  Zergling x8  
  135  8:14  Spine Crawler  
  135  8:17  Overseer  
  134  8:21  Baneling x6  
  134  8:22  Baneling x4  
  134  8:25  Ravager x3  
  137  8:30  Zergling x12  
  137  8:31  Zergling x12  
  137  8:50  Baneling x4  
  137  8:52  Zergling x6  
  137  8:53  Zergling x10  
  128  9:04  Zergling x12  
  120  9:15  Drone x5  
  119  9:22  Zergling x2  
  117  9:26  Drone x3  
  117  9:27  Drone x2  
  117  9:28  Roach  
Tags
 
Add a new tag
Caveats
  • Supply blocks, unpowered buildings, or Contaminate may cause inaccurate times.
  • Supply counts are checked every 10 seconds.